 Dungeon Crawl Stone Soup version 0.23-a0-386-g9c9d49f (webtiles) character file.

39 Amnesiac the Shooter (level 3, 0/30 HPs)
             Began as a Centaur Hunter on Oct 28, 2018.
             Succumbed to a kobold's poison
             ... on level 3 of the Dungeon.
             The game lasted 00:02:43 (425 turns).

Amnesiac the Shooter (Centaur Hunter)                Turns: 425, Time: 00:02:44

Health: 0/30       AC:  5    Str: 14    XL:     3   Next: 26%
Magic:  3/3        EV:  9    Int: 10    God:
Gold:   74         SH:  0    Dex: 10    Spells: 2/2 levels left

rFire    . . .     SeeInvis .   b - +1 dagger (holy)
rCold    . . .     Gourm    .   (no shield)
rNeg     . . .     Faith    .   c - +0 leather armour
rPois    .         Spirit   .   (no helmet)
rElec    .         Reflect  .   k - +0 cloak
rCorr    .         Harm     .   (no gloves)
MR       .....                  (no barding)
Stlth    +.........             (no amulet)
HPRegen  0.10/turn              (no ring)
MPRegen  0.08/turn              (no ring)

@: lethally poisoned (0 -> -23), hasted, very quick
A: large, hooves 3, deformed body, speed 2, tough skin 3
a: no special abilities


You were on level 3 of the Dungeon.
You were not hungry.

You visited 1 branch of the dungeon, and saw 3 of its levels.

You collected 74 gold pieces.

Inventory:

Hand Weapons
 a - a +1 shortbow
 b - a +1 dagger of holy wrath (weapon)
Missiles
 d - 14 arrows
 i - 41 sling bullets
 j - 23 stones
 m - 3 poisoned javelins (quivered)
Armour
 c - a +0 leather armour (worn)
 k - a +0 cloak (worn)
Jewellery
 h - an uncursed ring of positive energy
Scrolls
 l - 2 scrolls of enchant weapon {!r, unknown}
 p - a scroll of identify {!r, unknown}
Potions
 e - a potion of haste {!q}
 n - a potion of curing {!q, unknown}
 o - a potion of degeneration {!q, unknown}
Comestibles
 f - 3 rations
 g - a chunk of flesh


   Skills:
 + Level 2.6 Fighting
 * Level 6.4 Bows
 - Level 1.3 Dodging
 - Level 0.4 Stealth


You had 2 spell levels left.
You didn't know any spells.
Your spell library was empty.

Dungeon Overview and Level Annotations

Branches:
Dungeon (3/15)

Altars:
Makhleb
Ru


Innate Abilities, Weirdness & Mutations

You have hooves in place of feet.
Armour fits poorly on your strangely shaped body.
You cover ground very quickly.
You have extremely tough skin. (AC +3)


Message History

An adder comes into view.
The adder hisses angrily.
Found a burning altar of Makhleb.
The adder bites you.
There is an open door here.
You closely miss the adder. The adder bites you but does no damage.
You hit the adder. You kick the adder, but do no damage.
The adder is moderately wounded.
The adder bites you but does no damage.
You hit the adder.
The adder is heavily wounded.
The adder bites you but does no damage.
You barely miss the adder.
The adder is heavily wounded.
The adder bites you.
You are poisoned.
The adder poisons you! The adder bites you.
You are more poisoned.
The adder poisons you!
You hit the adder but do no damage.
The adder is heavily wounded.
You feel sick. The adder misses you.
You hit the adder.
The adder is almost dead.
You feel sick. The adder bites you.
You are more poisoned.
The adder poisons you!
You hit the adder.
You kill the adder!
You feel sick.
You feel sick.
You feel sick.
There is an open door here.
You feel sick.
You feel sick.
A kobold comes into view. It is wielding a +0 dagger.
The kobold shouts!
The kobold unwields a +0 dagger.
The kobold wields a +0 blowgun.
The kobold shoots a poisoned needle.
The poisoned needle hits you!
You are lethally poisoned!
You see here a poisoned needle.
A goblin comes into view. It is wielding a +0 dagger.
* * * LOW HITPOINT WARNING * * *
You feel sick.
The goblin shouts!
* * * LOW HITPOINT WARNING * * *
You feel sick.
The kobold shoots a poisoned needle.
The poisoned needle closely misses you.
Found a sacrificial altar of Ru.
You see here a poisoned needle.
* * * LOW HITPOINT WARNING * * *
You feel sick.
The goblin unwields a +0 dagger.
The goblin wields a +0 hunting sling.
The goblin shoots a stone.
The stone hits you.
* * * LOW HITPOINT WARNING * * *
The kobold shoots a poisoned needle.
The poisoned needle hits you!
You are more poisoned.
Things that are here:
a poisoned needle; a ration
* * * LOW HITPOINT WARNING * * *
You feel sick.
Really quaff
e - 2 black potions {!q}?
It was a potion of haste {!q}.
You feel yourself speed up.
You die...

≈.. ..#.. .
..≈..#....# .#
_.≈...#...##.#
..≈..#.......
..#......#
#####.?.....#
.K..........#
........(...#..
#####≈≈.@(#...g..
##⌠#⌠##≈.....##...
#≈§≈§≈#≈(#.### .
##≈.§§≈#≈.#...
#⌠≈...≈#≈.#####
#≈._..'..#
#⌠≈...≈#≈)# ##
##§...≈#≈.##.#
#≈≈≈≈≈#≈.#.#


You could see a kobold.

Vanquished Creatures
  An adder (D:3)
  2 dart slugs
  2 leopard geckos (D:1)
  A giant cockroach (D:1)
  5 goblins
  3 hobgoblins (D:1)
  2 bats
  3 kobolds (D:1)
  3 rats (D:1)
22 creatures vanquished.

Notes
Turn   | Place    | Note
-------+----------+-------------------------------------------
     0 | D:1      | Amnesiac the Centaur Hunter began the quest for the Orb.
     0 | D:1      | Reached XP level 1. HP: 17/17 MP: 1/1
    90 | D:1      | Reached XP level 2. HP: 23/24 MP: 2/2
   190 | D:1      | Reached skill level 6 in Bows
   389 | D:3      | Reached XP level 3. HP: 24/30 MP: 3/3
   404 | D:3      | Found a burning altar of Makhleb.
   422 | D:3      | Found a sacrificial altar of Ru.
   425 | D:3      | Succumbed to a kobold's poison

Vault maps used:
D:1:      saegor_arrival_simple_b
D:2:      yredelemnul_altar_generic, uniq_sigmund
D:3:      zin_statuary, lightli_temple_of_fire, first_ration,
          nicolae_ru_awakened_eye, uniq_robin

Skill      XL: |  1  2 |
---------------+-------+-----
Bows           | 6 |  6.4
Fighting       | |  2.6
Dodging        | |  1.3
Stealth        | |  0.4

Action                   || total
-------------------------++-------
Melee: Short sword       ||    17
       Dagger            ||    12
       Kick              ||     5
 Fire: Shortbow          ||    28
Throw: Javelin           ||     9
  Use: Potion            ||     1
Armor: Leather armour    ||    18
Dodge: Dodged            ||    15

Table legend:
 A = Non-vault XP
 B = Vault XP
 C = Vault XP percentage of total XP
 D = Non-vault monster count
 E = Vault monster count
 F = Vault count percentage of total count
                 A         B        C        D         E       F
            +---------+---------+-------+---------+---------+-------
      Total |      56 |       0 |   0.0 |      22 |       0 |   0.0
            +---------+---------+-------+---------+---------+-------
        D:1 |      32 |       0 |   0.0 |      17 |       0 |   0.0
        D:2 |       8 |       0 |   0.0 |       3 |       0 |   0.0
        D:3 |      16 |       0 |   0.0 |       2 |       0 |   0.0
            +---------+---------+-------+---------+---------+-------
